 Dungeon Crawl Stone Soup version 0.30.0-18-gc0e69614cb (webtiles) character file.

Game seed: 8581429940804436849

601370 PerfectTommy the Conqueror (level 27, -4/308 (327) HPs)
             Began as a Hill Orc Delver on May 22, 2023.
             Was the Champion of Jiyva.
             Killed from afar by an elemental wellspring (41 damage)
             ... with a torrent of water
             ... on level 4 of Cocytus on May 23, 2023.
             The game lasted 04:58:25 (43713 turns).

PerfectTommy the Conqueror (Hill Orc Delver)       Turns: 43713, Time: 04:58:26

HP:   -4/308 (327)  AC: 56    Str: 38    XL:     27
MP:   32/32         EV: 11    Int: 10    God:    Jiyva [******]
Gold: 5320          SH: 31    Dex: 18    Spells: 17/38 levels left

rFire   + + .        U - +4 broad axe "Cerghitos" {pain, rPois rF- rC+ Will+}
rCold   + + +        N - +5 tower shield {AC+3}
rNeg    + + +        A - +10 gold dragon scales
rPois   +            (helmet restricted)
rElec   .            m - +5 cloak of the Furies {Will+}
rCorr   +            E - +0 pair of fencer's gloves {Riposte Dex+3}
SInv    .            (no boots)
Will    +++++        T - amulet of the Four Winds {rN+ Will+++ Clar} Stlth
                     P - ring "Ydilajyc" {Drain rPois rC+ rN+ Str+3}
HPRegen 2.31/turn    h - ring of Trepidation {rN+ Str+6 Dex+5}
MPRegen 0.73/turn

%: clarity
@: drained, unable to drink
A: horns 2, talons 1, iridescent scales 3, clarity, clumsy 1, fire resistance 2,
strong-willed 1, robust 2, acidic bite, eyeballs 2, gelatinous body 1,
translucent skin 1, MP-powered wands
}: 4/15 runes: decaying, serpentine, slimy, silver
a: Renounce Religion, Oozemancy, Slimify


You were on level 4 of Cocytus.
You worshipped Jiyva.
Jiyva was exalted by your worship.
You visited 14 branches of the dungeon, and saw 58 of its levels.
You visited 1 bazaar.
You also visited: Gauntlet and Wizlab.

You collected 6151 gold pieces.
You spent 831 gold pieces at shops.

Inventory:

Hand Weapons
 D - a +7 broad axe of venom
 U - the +4 broad axe "Cerghitos" (weapon) {pain, rPois rF- rC+ Will+}
   (You found it on level 5 of the Vaults)

   rF:        It makes you vulnerable to fire.
   rC:        It protects you from cold.
   rPois:     It protects you from poison.
   Will:      It increases your willpower.
Missiles
 s - 5 atropa-tipped darts
 H - 5 datura-tipped darts
 J - 5 silver boomerangs
 S - 22 javelins
 Z - 2 curare-tipped darts
Armour
 m - the +5 cloak of the Furies (worn) {Will+}
   (You found it on level 1 of the Crypt)

   Will:      It increases your willpower.
 A - +10 gold dragon scales (worn)
 E - the +0 pair of fencer's gloves (worn) {Riposte Dex+3}
   (You found it in a Gauntlet)

   Riposte:   It allows the wearer to riposte with melee weapons, swiftly
   retaliating against missed or blocked melee attacks.
   Dex:       It affects your dexterity (+3).
 L - a +2 cloak of preservation
 N - a +5 tower shield of protection (worn)
Jewellery
 h - the ring of Trepidation (right hand) {rN+ Str+6 Dex+5}
   (You found it in a Gauntlet)

   [ring of strength]

   Str:       It affects your strength (+6).
   Dex:       It affects your dexterity (+5).
   rN:        It protects you from negative energy.
 j - a ring of willpower
 l - a ring of the Octopus King {Fly HP+2 AC+2 EV+2 SH+2}
   (You found it on level 5 of the Pits of Slime)

   [ring of flight]

   AC:        It affects your AC (+2).
   EV:        It affects your evasion (+2).
   HP:        It affects your health (+2).
   Fly:       It grants you flight.
   SH:        It affects your SH (+2).
 u - the ring of the Centipede {Contam rPois rN+ Slay+2}
   (You found it on level 3 of the Crypt)

   [ring of positive energy]

   Slay:      It affects your accuracy & damage with ranged weapons and melee
   (+2).
   rPois:     It protects you from poison.
   rN:        It protects you from negative energy.
   Contam:    It causes magical contamination when unequipped.
 v - the ring of Koffol {rPois rCorr}
   (You found it on level 5 of the Pits of Slime)

   [ring of poison resistance]

   rPois:     It protects you from poison.
   rCorr:     It protects you from acid and corrosion.
 x - a ring of willpower
 z - the amulet of Caukum {Reflect rPois SH+5}
   (You found it on level 5 of the Pits of Slime)

   [amulet of reflection]

   It reflects blocked missile attacks.
   rPois:     It protects you from poison.
   SH:        It affects your SH (+5).
 O - the ring "Riug" {rN+ Str+2}
   (You found it on level 3 of the Crypt)

   [ring of positive energy]

   Str:       It affects your strength (+2).
   rN:        It protects you from negative energy.
 P - the ring "Ydilajyc" (left hand) {Drain rPois rC+ rN+ Str+3}
   (You found it on level 3 of the Crypt)

   [ring of positive energy]

   Str:       It affects your strength (+3).
   rC:        It protects you from cold.
   rPois:     It protects you from poison.
   rN:        It protects you from negative energy.
   Drain:     It drains your maximum health when unequipped.
 T - the amulet of the Four Winds (around neck) {rN+ Will+++ Clar}
   (You found it on level 5 of the Vaults)

   [amulet of nothing]

   rN:        It protects you from negative energy.
   Clar:      It protects you from confusion, rage, mesmerisation and fear.
   Will:      It greatly increases your willpower.
Wands
 a - a wand of charming (36)
 f - a wand of flame (74)
 g - a wand of digging (8)
 t - a wand of polymorph (21)
 M - a wand of acid (39) (quivered)
 W - a wand of iceblast (37)
Scrolls
 c - 4 scrolls of fog
 d - 5 scrolls of magic mapping
 e - 10 scrolls of fear
 k - 26 scrolls of teleportation
 p - 6 scrolls of silence
 q - 4 scrolls of poison
 y - 11 scrolls of blinking
 Y - 3 scrolls of butterflies
Potions
 i - 7 potions of mutation
 n - a potion of resistance
 o - 15 potions of curing
 r - 12 potions of heal wounds
 B - 5 potions of cancellation
 C - 9 potions of lignification
 I - 5 potions of haste
 Q - 6 potions of attraction
 V - 4 potions of might
Miscellaneous
 b - a phantom mirror
 w - the horn of Geryon
 F - a box of beasts
 G - a tin of tremorstones (2/2)
 X - a lightning rod (4/4)


   Skills:
 O Level 27 Fighting
 - Level 18.2 Axes
 O Level 27 Armour
 - Level 2.1 Dodging
 - Level 4.1 Stealth
 O Level 27 Shields
 + Level 6.1 Spellcasting
 + Level 14.8 Necromancy
 + Level 8.2 Evocations


You had 17 spell levels left.
You knew the following spells:

 Your Spells              Type           Power      Damage    Failure   Level
a - Sublimation of Blood  Necr           32%        N/A       1%          2
b - Animate Dead          Necr           32%        N/A       1%          4
c - Agony                 Necr           32%        N/A       4%          5
d - Anguish               Hex/Necr       8%         N/A       36%         4
e - Death Channel         Necr           16%        N/A       26%         6

Your spell library contained the following spells:

 Spells                   Type           Power      Damage    Failure   Level
 Beastly Appendage        Tmut           6%         N/A       61%         1
 Freeze                   Ice            12%        1d3       61%         1
 Shock                    Conj/Air       12%        1d3       61%         1
 Sting                    Tmut/Pois      12%        1d3       61%         1
 Summon Small Mammal      Summ           12%        N/A       61%         1
 Borgnjor's Vile Clutch   Necr/Erth      8%         N/A       71%         5
 Blink                    Tloc           6%         N/A       75%         2
 Ensorcelled Hibernation  Hex/Ice        6%         N/A       75%         2
 Lesser Beckoning         Tloc           6%         N/A       75%         2
 Momentum Strike          Conj/Tloc      6%         3d8       75%         2
 Poisonous Vapours        Pois/Air       6%         N/A       75%         2
 Wereblood                Tmut           3%         N/A       75%         2
 Call Canine Familiar     Summ           3%         N/A       93%         3
 Dazzling Flash           Conj/Hex       6%         N/A       93%         3
 Gell's Gravitas          Tloc           3%         N/A       93%         3
 Ignite Poison            Fire/Tmut/Pois 3%         N/A       93%         3
 Spider Form              Tmut/Pois      3%         N/A       93%         3
 Summon Guardian Golem    Hex/Summ       3%         N/A       93%         3
 Swiftness                Air            3%         N/A       93%         3
 Teleport Other           Tloc           3%         N/A       93%         3
 Volatile Blastmotes      Fire/Tloc      6%         2d10      93%         3
 Airstrike                Air            1%         2d(1-17)  100%        4
 Animate Armour           Summ/Erth      6%         N/A       100%        4
 Cause Fear               Hex            1%         N/A       100%        4
 Ice Form                 Ice/Tmut       3%         N/A       100%        4
 Sticky Flame             Conj/Fire      3%         2d3       100%        4
 Arcjolt                  Conj/Air       1%         1d11      100%        5
 Blade Hands              Tmut           1%         N/A       100%        5
 Freezing Cloud           Conj/Ice/Air   1%         6-21      100%        5
 Iskenderun's Battlesphe  Conj           3%         2d6       100%        5
 Silence                  Hex/Air        1%         N/A       100%        5
 Summon Forest            Summ/Tloc      1%         N/A       100%        5
 Eringya's Noxious Bog    Tmut/Pois      1%         N/A       100%        6
 Iron Shot                Conj/Erth      1%         9d1       100%        6
 Plasma Beam              Fire/Air       1%         2x1d12    100%        6
 Starburst                Conj/Fire      1%         6d3       100%        6
 Dragon Form              Tmut           1%         N/A       100%        7
 Enfeeble                 Hex            1%         N/A       100%        7
 Malign Gateway           Summ/Tloc      1%         N/A       100%        7
 Spellforged Servitor     Conj/Summ      1%         N/A       100%        7
 Storm Form               Tmut/Air       1%         N/A       100%        7
 Summon Hydra             Summ           1%         N/A       100%        7
 Disjunction              Tloc           1%         N/A       100%        8
 Lehudib's Crystal Spear  Conj/Erth      1%         10d2      100%        8
 Fire Storm               Conj/Fire      1%         8d1       100%        9


Dungeon Overview and Level Annotations

Branches:
Dungeon (15/15)            Temple (1/1) D:7            Lair (5/5) D:10
  Swamp (4/4) Lair:2        Snake (4/4) Lair:3        Slime (5/5) Lair:5
    Orc (2/2) D:11            Elf (3/3) Orc:2        Vaults (5/5) D:14
  Crypt (3/3) Vaults:2       Tomb (2/3) Crypt:3      Depths (4/4) D:15
   Hell (visited)             Dis (0/7) Hell            Geh (0/7) Hell
    Coc (4/7) Hell            Tar (0/7) Hell            Zot (0/5) Depths:4
 WizLab (visited)         Gauntlet (visited)

Altars:
Ashenzari
Cheibriados
Dithmenos
Elyvilon
Fedhas
Gozag
Hepliaklqana
Kikubaaqudgha
Makhleb
Nemelex Xobeh
Okawaru
Qazlal
Ru
Sif Muna
Trog
Uskayaw
Vehumet
Wu Jian
Xom
Yredelemnul
Zin
The Shining One
Beogh
Jiyva
Lugonu

Shops:
D:5 =:   D:7 !=[!   D:14 (   Orc:1 (   Orc:2 [[(*   Elf:1 =   Elf:2 =*((
Snake:2 [   Snake:4 *   Vaults:2 ?   Depths:2 ?

Portals:
Hell: Depths:1 Depths:2 Depths:3 Depths:4
Abyss: Lair:5 Depths:1 Depths:3 Depths:4
Pandemonium: Depths:1 Depths:2
Ziggurat: Depths:1

Annotations:
D:9 4 runed translucent doors
D:12 2 transporters, math4jedi's ghost, journeyman MiBe
D:15 Roxanne
Swamp:4 1 runed translucent door, Ricegish's ghost, adept GnFi
Snake:4 2 runed translucent doors, superbruh's ghost, adept MiFi
Elf:2 3 runed translucent doors
Vaults:1 3 runed translucent doors, Adoajy's ghost, adept DsWr; SpeedRobin's ghost, adept DDFi; Yloucecuu's ghost, veteran SpEn
Tomb:2 Mennas
Depths:3 3 runed translucent doors, Whoops's ghost, adept DsFi
Coc:4 exclusion: 3 ice statues


Innate Abilities, Weirdness & Mutations

You have a pair of horns on your head.
You have sharp toenails.
You are completely covered in iridescent scales. (AC +6)
You possess an exceptional clarity of mind.
You are clumsy. (Dex -2)
Your flesh is very heat resistant. (rF++)
You are strong-willed. (Will+)
You are very robust. (+20% HP)
You have acidic saliva.
Your body has grown many eyes which may confuse attackers. (Acc +5)
Your rubbery body absorbs attacks. (AC +1, EV +1)
Your translucent skin slightly reduces your foes' accuracy. (Stealth+)
You expend magic power (3 MP) to strengthen your wands.


Message History

You headbutt the Ice Fiend!
The Ice Fiend is almost dead.
A wendigo comes into view.
Water spirits pour forth from the elemental wellspring!
The Ice Fiend calls on the powers of darkness!
Your body is wracked with pain!
* * * LOW HITPOINT WARNING * * *
Really walk into that cloud of freezing vapour?
You are engulfed in freezing vapours.
You resist.
A harpy simulacrum comes into view.
A titan simulacrum comes into view.
You block the Ice Fiend's attack.
You riposte.
Your unstable footing causes you to fumble your attack.
The Ice Fiend claws you but does no damage.
You block the water elemental's attack. You block the Ice Fiend's attack.
You riposte.
You slice the Ice Fiend!!
You kill the Ice Fiend!
You hit the harpy simulacrum.
A titan comes into view.
The wendigo gestures.
The harpy simulacrum collapses into a mass of ice!
The mass of ice explodes!
The seracfall engulfs you! You partially resist.
* * * LOW HITPOINT WARNING * * *
A torrent of water rises up through the elemental wellspring!
You block the torrent of water.
The wave splashes down.
Splash!
You fall into the shallow water.
Moving in this stuff is going to be slow.
You block the water elemental's attack.
The water elemental attacks as you move away!
You block the water elemental's attack.
The water elemental is engulfed in freezing vapours.
The water elemental hits you.
The water elemental engulfs you in water!
You block the water elemental's attack.
You slip free of the water engulfing you.
You gasp with relief as air once again reaches your lungs.
A torrent of water rises up through the elemental wellspring!
The torrent of water passes through the water elemental.
The torrent of water hits you!!!
You die...

≈≈≈≈......Z#
≈≈≈.....Z≈≈### #≈
~~~...⌠9≈≈≈~~####CR
~~~...≈≈≈~~~~≈≈≈≈≈≈
≈≈≈~≈≈≈≈.~~~E~≈..≈≈
≈≈≈~≈≈...##~~.≈.Z.≈
≈≈~.~...###EE.≈....
≈~..~~.## #~E.≈....
~~..~~. #@.≈≈....
8~...≈. #..≈≈≈...
8~...≈≈ ...~~~...
8~≈~.≈≈ #...≈≈~...
~~#~≈≈≈ .^..≈≈≈...
.##~≈≈≈ ≈....≈≈≈≈≈≈
≈≈≈..≈≈≈≈≈≈
..≈≈≈≈≈≈####


You could see a titan, a wendigo, an elemental wellspring, 3 water elementals
and a titan simulacrum.

Vanquished Creatures
  A dread lich (Coc:2)
  3 ancient liches
  2 juggernauts
  Mara (Swamp:3)
  3 royal mummies (Tomb:1)
  Sojobo (Crypt:1)
  Parghit (Depths:3)
  Vashnia (Snake:3)
  2 shard shrikes (Coc:2)
  Frederick (Depths:3)
  A profane servitor (Crypt:3)
  2 caustic shrikes (Depths:3)
  6 golden dragons
  Geryon (Hell)
  the Enchantress (Depths:3)
  3 bone dragons
  2 doom hounds (Depths:4)
  A Tzitzimitl (Depths:4)
  6 tentacled monstrosities
  5 liches
  Rupert (Snake:1)
  4 titans
  A Cloud Mage (WizLab)
  Grunn (Depths:4)
  3 Ice Fiends
  A deep elf blademaster (Elf:3)
  4 quicksilver dragons (Vaults:5)
  7 searing wretches (Hell)
  2 deep elf master archers (Elf:3)
  A walking frostbound tome (Depths:3)
  13 sphinxes
  10 ancient champions
  7 shadow dragons
  9 tengu reavers
  A thorn hunter (Swamp:4)
  A storm dragon (Depths:2)
  Donald (Swamp:4)
  8 revenants
  A fenstrider witch (Swamp:4)
  6 nagarajas
  3 narguns
  9 frost giants
  Aizul (Snake:4)
  13 fire giants
  7 deep elf sorcerers
  8 iron dragons
  4 orc warlords
  A deep elf elementalist (Elf:3)
  2 curse skulls
  2 shard shrike simulacra
  A cacodemon (Hell)
  8 ghouls
  19 vault wardens
  21 ironbound preservers
  6 spriggan defenders
  13 very ugly things
  2 draconian annihilators
  18 stone giants
  6 reapers
  4 war gargoyles
  2 juggernaut skeletons
  7 elemental wellsprings
  A putrid mouth (Depths:4)
  10 vampire knights
  A bennu (Tomb:1)
  5 ironbound thunderhulks
  3 eleionomae
  9 deep elf demonologists
  4 bunyips
  A yellow draconian (Depths:4)
  7 deep elf annihilators
  4 wendigos
  A purple draconian (Depths:4)
  A white draconian (Depths:4)
  A red draconian (Depths:4)
  7 dire elephants
  3 spark wasps (Depths:2)
  Snorg (Orc:1)
  12 deep elf death magi
  6 blizzard demons
  A crystal guardian (Vaults:2)
  12 ettins
  4 eidola
  9 mummy priests
  An iron golem (Hell)
  8 fire dragons
  10 yaktaur captains
  4 deep elf high priests
  19 jiangshi
  2 spriggan zombies
  2 shambling mangroves
  29 vault guards
  A quicksilver dragon zombie (Hell)
  7 ice dragons
  2 salamander tyrants (Snake:4)
  3 peacekeepers
  22 hydras
  A catoblepas (Lair:1)
  3 caustic shrike simulacra
  Erica (Lair:1)
  3 death knights
  4 anacondas
  2 centaur warriors
  6 boulder beetles
  11 spriggan air magi
  5 ghost crabs
  7 ironbound frosthearts
  8 deep troll shamans
  5 alligators
  4 ogre magi
  A stoker (Hell)
  8 two-headed ogres
  8 vampire magi
  29 death scarabs (Tomb:1)
  2 merfolk aquamancers (Crypt:1)
  23 naga sharpshooters
  2 tengu warriors (D:15)
  7 deep troll earth magi
  7 hell hogs
  21 naga warriors
  11 dancing weapons
  3 thrashing horrors (Lair:5)
  Urug (Lair:5)
  8 spriggan berserkers
  16 soul eaters
  13 shock serpents
  A storm dragon zombie (Crypt:1)
  14 sun demons
  23 hell knights
  2 orc high priests
  10 iron trolls
  4 salamander mystics
  13 deep elf knights
  A sixfirhy (Depths:2)
  A shadow wraith (Vaults:5)
  A storm dragon skeleton (Crypt:2)
  A death drake (shapeshifter) (Lair:5)
  A skyshark (Lair:5)
  37 skeletal warriors
  66 deep trolls
  A quicksilver dragon simulacrum (Coc:1)
  3 spriggan druids
  6 swamp dragons
  A spriggan simulacrum (Coc:2)
  2 death drakes (WizLab)
  8 goliath frogs
  A shadow demon (Depths:2)
  5 flayed ghosts
  12 bog bodies
  9 naga ritualists
  5 wizards
  18 deep elf archers
  16 phantasmal warriors
  Pikel (D:9)
  30 deep elf pyromancers
  An anaconda skeleton (Hell)
  5 orc knights
  18 ironbound convokers
  11 lindwurms
  14 deep elf zephyrmancers
  13 necromancers
  12 mana vipers
  27 ugly things
  A manticore (D:12)
  12 salamanders
  3 will-o-the-wisps
  2 cyclopes
  6 orc sorcerers
  A sphinx skeleton (Vaults:2)
  A salamander (shapeshifter) (Lair:5)
  An iron dragon skeleton (Vaults:2)
  6 elephants (Lair:5)
  A frost giant skeleton (Vaults:2)
  7 rust devils
  7 apocalypse crabs
  3 demonic crawlers
  3 centaur zombies
  A guardian serpent (shapeshifter) (Depths:3)
  6 guardian serpents
  8 human skeletons
  18 naga magi
  43 black mambas
  An ice statue (Vaults:4)
  8 vault sentinels
  4 titan simulacra
  4 orange demons
  A gargoyle (D:11)
  5 smoke demons
  3 hellions
  Psyche (D:8)
  A pale draconian zombie (Crypt:3)
  5 cane toads
  3 rime drakes
  Maggie (D:9)
  A naga skeleton (Tomb:1)
  34 yaktaurs
  2 bunyip simulacra (Coc:1)
  A centaur skeleton (Hell)
  An iron giant simulacrum (Coc:3)
  An unseen horror (D:12)
  A tormentor (Coc:2)
  An elf skeleton (Vaults:2)
  A kobold demonologist (Crypt:1)
  An efreet (D:15)
  5 komodo dragons
  4 ice devils
  11 guardian mummies
  4 freezing wraiths
  An anaconda simulacrum (Coc:1)
  2 hydra zombies
  4 tengu conjurers
  A red devil (Depths:2)
  A yaktaur (shapeshifter) (D:13)
  4 trolls
  5 harpy zombies
  2 ancient zymes (Lair:5)
  6 large abominations
  A silent spectre (Crypt:1)
  2 sea snake skeletons (Hell)
  7 polar bears
  8 tyrant leeches
  14 hornets
  A hornet (shapeshifter) (Lair:5)
  A polar bear (shapeshifter) (Vaults:5)
  A hellwing (Depths:2)
  13 blink frogs
  A harpy skeleton (Crypt:2)
  A wind drake (WizLab)
  A raiju (shapeshifter) (Lair:5)
  2 alligator zombies (Hell)
  2 stone giant simulacra
  A fire giant simulacrum (Depths:1)
  4 dream sheep (Lair:3)
  An ettin zombie (Hell)
  3 centaur simulacra
  29 flying skulls
  An iron dragon simulacrum (Coc:4)
  A guardian serpent skeleton (Crypt:2)
  A jumping spider (shapeshifter) (D:12)
  An ettin skeleton (Crypt:1)
  13 air elementals
  5 shadows
  An alligator skeleton (Hell)
  2 ynoxinuls
  2 naga simulacra (Coc:3)
  8 water elementals
  A vampire (D:12)
  A culicivora (shapeshifter) (Depths:4)
  4 wraiths
  2 spriggan skeletons
  10 spriggans
  3 wyverns
  68 yaks
  A dire elephant simulacrum (Coc:2)
  8 basilisks
  3 fire bats (Depths:2)
  Eustachio (D:6)
  5 ushabtiu
  A human (D:14)
  A fire elemental (Elf:1)
  A neqoxec (Depths:2)
  7 vampire mosquitoes
  5 wargs
  A faun zombie (Crypt:1)
  11 swamp worms
  Edmund (D:4)
  A demonspawn zombie (Crypt:1)
  A two-headed ogre zombie (Crypt:1)
  A demonspawn skeleton (Crypt:3)
  11 harpy simulacra
  63 nagas
  An acid dragon (D:11)
  A glowing shapeshifter zombie (Vaults:4)
  9 water moccasins
  A deep troll zombie (Crypt:1)
  A glowing shapeshifter skeleton (Vaults:4)
  An entropy weaver zombie (Crypt:3)
  A merfolk zombie (Crypt:1)
  3 hydra simulacra
  A sky beast (D:7)
  An elf simulacrum (Vaults:4)
  39 orc warriors
  12 swamp drakes
  6 ice beasts
  9 black bears
  2 ettin simulacra
  9 wolves
  An elephant zombie (Crypt:1)
  11 small abominations (Lair:5)
  A snapping turtle skeleton (Crypt:2)
  14 ogres
  A lemure (D:9)
  A swamp dragon skeleton (Crypt:3)
  3 centaurs
  A kobold brigand (D:9)
  7 bullfrogs
  2 elf zombies (Elf:1)
  2 necrophages (Crypt:2)
  An earth elemental (Elf:2)
  3 scorpions
  A cyclops zombie (Crypt:1)
  A warg zombie (Crypt:3)
  5 wights (D:8)
  5 killer bees (D:9)
  A shapeshifter zombie (Crypt:1)
  A swamp dragon simulacrum (Hell)
  5 howler monkeys
  An electric eel (Lair:5)
  A wolf skeleton (Crypt:1)
  3 hounds
  18 orc priests
  Crazy Yiuf (D:7)
  A gnoll bouda (D:6)
  3 sleepcaps
  3 iguanas
  A black bear skeleton (Crypt:2)
  31 orc wizards
  2 naga zombies
  A deep dwarf skeleton (Crypt:2)
  A hound zombie (Crypt:3)
  31 mummies
  7 adders
  13 gnolls
  2 white imps
  An ufetubus (D:6)
  2 dart slugs
  103 orcs
  7 ball pythons
  6 endoplasms
  4 giant cockroaches
  7 goblins
  5 hobgoblins
  9 jackals
  5 bats
  A dart slug zombie (Crypt:3)
  6 frilled lizards
  8 kobolds
  An orc skeleton (Crypt:2)
  5 rats
  3 fire vortices (Hell)
  2 spectral weapons (Depths:3)
2170 creatures vanquished.

Vanquished Creatures (collateral kills)
  A deep elf blademaster (Elf:3)
  A vault warden (Vaults:5)
  A minotaur (Gauntlet)
  A deep elf high priest (Vaults:5)
  A mummy priest (Tomb:1)
  A mummy (Tomb:1)
6 creatures vanquished.

Vanquished Creatures (others)
  A vault warden (Vaults:4)
  A vampire knight (Depths:3)
  An eleionoma (Swamp:2)
  A deep elf annihilator (Elf:3)
  A blizzard demon (WizLab)
  A deep elf high priest (Vaults:5)
  6 great orbs of eyes
  A yaktaur captain (Vaults:2)
  A caustic shrike simulacrum (Coc:2)
  An ironbound frostheart (Vaults:2)
  A two-headed ogre (D:12)
  A death knight (D:13)
  A naga warrior (Snake:3)
  A glowing orange brain (Depths:3)
  An ironbound convoker (Vaults:4)
  A lindwurm (Vaults:2)
  An elephant (shapeshifter) (Vaults:5)
  Joseph (D:9)
  A titan simulacrum (Coc:2)
  2 vault sentinels
  An eye of devastation (Depths:3)
  A hellion (Depths:3)
  A komodo dragon (D:11)
  7 yaktaurs
  A tormentor (Coc:2)
  A bloated husk (Swamp:3)
  A wind drake (WizLab)
  A tarantella (shapeshifter) (Vaults:5)
  A stone giant simulacrum (Coc:2)
  31 slime creatures
  A snapping turtle (shapeshifter) (Vaults:5)
  2 air elementals (WizLab)
  A wyvern (Lair:1)
  A yak (D:10)
  A fire bat (shapeshifter) (Vaults:5)
  A human (Crypt:1)
  A floating eye (Depths:3)
  A harpy simulacrum (Coc:4)
  An acid dragon (D:11)
  An ogre skeleton (Vaults:2)
  A swamp drake (Swamp:2)
  A black bear (Lair:2)
  A tengu (shapeshifter) (Vaults:5)
  A centaur (D:13)
  A kobold brigand (D:7)
  2 scorpions (D:5)
  243 jellies
  2 hounds
  5 orc priests
  6 orc wizards
  2 mummies
  3 gnolls (D:4)
  An adder (D:5)
  An ufetubus (D:4)
  A worm (D:5)
  18 orcs
  2 endoplasms (D:4)
  5 kobolds
  A fire vortex (Hell)
  8 foxfires (Swamp:1)
388 creatures vanquished.

Grand Total: 2564 creatures vanquished

Notes
Turn   | Place    | Note
-------+----------+-------------------------------------------
     0 | D:5      | PerfectTommy the Hill Orc Delver began the quest for the
                  | Orb.
     0 | D:5      | Reached XP level 1. HP: 19/19 MP: 1/1
    41 | D:5      | Found Fefo's Tiny Tomes.
   101 | D:5      | Noticed a scorpion
   232 | D:5      | Noticed an iguana
   257 | D:5      | Noticed a scorpion
   311 | D:4      | Reached XP level 2. HP: 12/27 MP: 2/2
   379 | D:4      | Noticed an ogre
   561 | D:2      | Reached skill level 1 in Armour
   747 | D:2      | Reached XP level 3. HP: 25/33 MP: 3/3
  1159 | D:1      | Reached XP level 4. HP: 15/40 MP: 4/4
  2537 | D:3      | Found a faded altar of an unknown god.
  2586 | D:3      | Prayed at the altar of an unknown god.
  2586 | D:3      | Became a worshipper of Jiyva Joyfy the Shapeless
  2586 | D:3      | Reached * piety under Jiyva
  2663 | D:3      | Reached skill level 5 in Axes
  2663 | D:3      | Reached XP level 5. HP: 35/47 MP: 5/5
  3043 | D:4      | Killed an ogre
  3044 | D:4      | Reached skill level 5 in Fighting
  3044 | D:4      | Reached XP level 6. HP: 45/56 MP: 6/6
  3111 | D:4      | Reached ** piety under Jiyva
  3148 | D:4      | Noticed an ice beast
  3163 | D:4      | Killed an ice beast
  3164 | D:4      | Reached XP level 7. HP: 37/61 MP: 7/7
  3168 | D:4      | Noticed Edmund
  3203 | D:4      | Found a radiant altar of Vehumet.
  3226 | D:4      | Killed Edmund
  3832 | D:5      | Reached *** piety under Jiyva
  3848 | D:5      | Found Tanan's Jewellery Shoppe.
  4081 | D:6      | Identified the +11 rapier of the Doomed Warrior {flame,
                  | Will- Str+5}
  4124 | D:6      | Found an iron altar of Okawaru.
  4143 | D:6      | Gained mutation: Armour fits poorly on your pseudopods.
                  | [Jiyva's grace]
  4143 | D:6      | Gained mutation: Armour fits poorly on your large
                  | pseudopods. [Jiyva's grace]
  4143 | D:6      | Gained mutation: Armour fits poorly on your massive
                  | pseudopods. [Jiyva's grace]
  4143 | D:6      | Gained mutation: You are robust. (+10% HP) [Jiyva's grace]
  4182 | D:6      | Reached XP level 8. HP: 40/78 MP: 8/8
  4202 | D:6      | Reached skill level 5 in Armour
  4292 | D:6      | Noticed Eustachio
  4321 | D:6      | Killed Eustachio
  4322 | D:6      | Reached skill level 10 in Axes
  4366 | D:6      | Reached **** piety under Jiyva
  4473 | D:6      | Reached XP level 9. HP: 85/86 MP: 9/9
  4794 | D:7      | Found a shimmering altar of Xom.
  4848 | D:7      | Found a blossoming altar of Fedhas.
  4860 | D:7      | Reached ***** piety under Jiyva
  4874 | D:7      | Found an ancient bone altar of Kikubaaqudgha.
  4889 | D:7      | Found a sparkling altar of Nemelex Xobeh.
  4893 | D:7      | Found Yrphit's Distillery.
  4896 | D:7      | Found Doecos's Jewellery Shoppe.
  4901 | D:7      | Bought a potion of curing for 36 gold pieces
  4926 | D:7      | Found a staircase to the Ecumenical Temple.
  4954 | Temple   | Entered the Ecumenical Temple
  5120 | D:7      | Found a runed translucent door.
  5121 | D:7      | Noticed Crazy Yiuf
  5126 | D:7      | Killed Crazy Yiuf
  5196 | D:7      | Found Ukkug's Distillery.
  5205 | D:7      | Bought a potion of berserk rage for 75 gold pieces
  5205 | D:7      | Bought a potion of cancellation for 120 gold pieces
  5230 | D:7      | Found Fimetes's Antique Armour Emporium.
  5526 | D:8      | Noticed a hornet
  5529 | D:8      | Paralysed by a hornet for 1 turns
  5535 | D:8      | Killed a hornet
  5557 | D:8      | Gained mutation: Your body has grown eyes which may confuse
                  | attackers. (Acc +3) [Jiyva's grace]
  5557 | D:8      | Gained mutation: Your body has grown many eyes which may
                  | confuse attackers. (Acc +5) [Jiyva's grace]
  5557 | D:8      | Gained mutation: Your body is covered in eyes which may
                  | confuse attackers. (Acc +7, SInv) [Jiyva's grace]
  5557 | D:8      | Gained mutation: You have a small jelly attached to you
                  | that senses nearby items. [Jiyva's grace]
  5609 | D:8      | Found a hazy altar of Hepliaklqana.
  5779 | D:8      | Noticed Psyche
  5789 | D:8      | Killed Psyche
  5790 | D:8      | Reached XP level 10. HP: 100/100 MP: 10/10
  6115 | D:9      | Noticed a two-headed ogre
  6124 | D:9      | Killed a two-headed ogre
  6171 | D:9      | Noticed Pikel
  6185 | D:9      | Killed Pikel
  6198 | D:9      | Reached skill level 10 in Fighting
  6273 | D:9      | Found a runed translucent door.
  6288 | D:9      | Found a runed translucent door.
  6305 | D:9      | Found a runed translucent door.
  6321 | D:9      | Found a runed translucent door.
  6354 | D:9      | Noticed Maggie
  6372 | D:9      | Killed Maggie
  6407 | D:9      | Reached skill level 15 in Axes
  6407 | D:9      | Reached XP level 11. HP: 102/111 MP: 11/11
  6502 | D:9      | Noticed Joseph
  6504 | D:9      | Found a glowing golden altar of the Shining One.
  6512 | D:9      | Killed Joseph
  6612 | D:10     | Entered Level 10 of the Dungeon
  6686 | D:10     | Reached ****** piety under Jiyva
  6796 | D:10     | Found a staircase to the Lair.
  7171 | D:10     | Gained mutation: You passively map a small area around you.
                  | [Jiyva's grace]
  7171 | D:10     | Gained mutation: You passively map the area around you.
                  | [Jiyva's grace]
  7171 | D:10     | Gained mutation: You passively map a large area around you.
                  | [Jiyva's grace]
  7171 | D:10     | Gained mutation: You are agile. (Dex +4, Str/Int -1)
                  | [Jiyva's grace]
  7188 | Lair:1   | Entered Level 1 of the Lair of Beasts
  7216 | Lair:1   | Reached skill level 10 in Armour
  7548 | Lair:1   | Noticed Erica
  7556 | Lair:1   | Killed Erica
  7648 | Lair:1   | Noticed a catoblepas
  7670 | Lair:1   | Killed a catoblepas
  7804 | Lair:2   | You fall into a shaft and drop 1 floor!
  7811 | Lair:3   | Reached XP level 12. HP: 113/124 MP: 12/12
  7870 | Lair:3   | Found a staircase to the Snake Pit.
  8077 | Lair:2   | Lost mutation: You passively map a large area around you.
                  | [Jiyva's grace]
  8077 | Lair:2   | Lost mutation: You are robust. (+10% HP) [Jiyva's grace]
  8077 | Lair:2   | Lost mutation: Your body is covered in eyes which may
                  | confuse attackers. (Acc +7, SInv) [Jiyva's grace]
  8077 | Lair:2   | Lost mutation: Armour fits poorly on your massive
                  | pseudopods. [Jiyva's grace]
  8077 | Lair:2   | Lost mutation: Armour fits poorly on your large pseudopods.
                  | [Jiyva's grace]
  8077 | Lair:2   | Lost mutation: You have a small jelly attached to you that
                  | senses nearby items. [Jiyva's grace]
  8077 | Lair:2   | Gained mutation: You are covered in fur. (AC +1) [Jiyva's
                  | grace]
  8077 | Lair:2   | Gained mutation: You are covered in thick fur. (AC +2)
                  | [Jiyva's grace]
  8077 | Lair:2   | Gained mutation: Your thick and shaggy fur keeps you warm.
                  | (AC +3, rC+) [Jiyva's grace]
  8077 | Lair:2   | Gained mutation: Your system is resistant to poisons.
                  | (rPois) [Jiyva's grace]
  8104 | Lair:2   | Found a staircase to the Swamp.
  8279 | Lair:2   | Reached skill level 1 in Evocations
  8909 | Lair:4   | Found a gate leading to a gauntlet.
  8919 | Gauntlet | Entered a Gauntlet
  8919 | Gauntlet | Found a transporter.
  8919 | Gauntlet | Found a transporter.
  8925 | Gauntlet | Found a transporter.
  8938 | Gauntlet | Found a transporter.
  8955 | Gauntlet | Found a transporter.
  8955 | Gauntlet | Found a transporter.
  8955 | Gauntlet | Found a transporter.
  8957 | Gauntlet | Found a transporter.
  8957 | Gauntlet | Found a transporter.
  8969 | Gauntlet | Found a transporter.
  8982 | Gauntlet | Noticed a quicksilver ooze
  8985 | Gauntlet | Found a transporter.
  8994 | Gauntlet | Found a runed translucent gate.
  8995 | Gauntlet | Found a transporter.
  8995 | Gauntlet | Found a runed translucent gate.
  8996 | Gauntlet | Found a runed translucent gate.
  9009 | Gauntlet | Found a transporter.
  9035 | Gauntlet | Found the +0 pair of fencer's gloves {Riposte Dex+3}
  9043 | Gauntlet | Found a transporter.
  9312 | Gauntlet | Reached XP level 13. HP: 124/124 MP: 13/13
  9319 | Gauntlet | Identified the ring of Trepidation {rN+ Str+6 Dex+5}
  9324 | Gauntlet | Identified the ring "Jedur" {rF- Int+6 Dex+6}
  9343 | Gauntlet | Noticed a minotaur
  9353 | Gauntlet | Killed a minotaur
  9406 | Gauntlet | Identified the +4 rapier of Ravage {heavy, rPois Int+2}
  9501 | Lair:4   | Reached skill level 1 in Shields
  9840 | Lair:5   | Entered Level 5 of the Lair of Beasts
  9912 | Lair:5   | Lost mutation: Your thick and shaggy fur keeps you warm.
                  | (AC +3, rC+) [Jiyva's grace]
  9912 | Lair:5   | Gained mutation: Your thick and shaggy fur keeps you warm.
                  | (AC +3, rC+) [Jiyva's grace]
  9912 | Lair:5   | Gained mutation: You are partially covered in iridescent
                  | scales. (AC +2) [Jiyva's grace]
  9912 | Lair:5   | Gained mutation: You are mostly covered in iridescent
                  | scales. (AC +4) [Jiyva's grace]
  9912 | Lair:5   | Gained mutation: You are completely covered in iridescent
                  | scales. (AC +6) [Jiyva's grace]
 10320 | D:11     | Found a roughly hewn altar of Beogh.
 10377 | D:11     | Found a staircase to the Orcish Mines.
 10632 | Orc:1    | Entered Level 1 of the Orcish Mines
 10739 | Orc:1    | Noticed Snorg
 10750 | Orc:1    | Killed Snorg
 10769 | Orc:1    | Found Xidic's Weapon Shop.
 10856 | D:12     | Reached skill level 5 in Shields
 11127 | D:12     | Lost mutation: You are completely covered in iridescent
                  | scales. (AC +6) [Jiyva's grace]
 11127 | D:12     | Lost mutation: You passively map the area around you.
                  | [Jiyva's grace]
 11127 | D:12     | Gained mutation: You have a small jelly attached to you
                  | that senses nearby items. [Jiyva's grace]
 11127 | D:12     | Gained mutation: You are strong-willed. (Will+) [Jiyva's
                  | grace]
 11127 | D:12     | Gained mutation: You are highly strong-willed. (Will++)
                  | [Jiyva's grace]
 11127 | D:12     | Gained mutation: You are extremely strong-willed. (Will+++)
                  | [Jiyva's grace]
 11234 | D:12     | Found a broken altar of Ashenzari.
 11372 | D:12     | Noticed math4jedi's ghost (journeyman MiBe)
 11372 | D:12     | Noticed an ettin
 11373 | D:12     | Found a transporter.
 11377 | D:12     | Found a transporter.
 11514 | D:13     | Reached skill level 15 in Fighting
 11514 | D:13     | Reached skill level 5 in Evocations
 12001 | D:14     | Reached XP level 14. HP: 135/135 MP: 14/14
 12165 | D:14     | Found a gate to the Vaults.
 12311 | D:14     | Found Lafutsef's Antique Weapon Emporium.
 12402 | D:14     | Lost mutation: Your thick and shaggy fur keeps you warm.
                  | (AC +3, rC+) [Jiyva's grace]
 12402 | D:14     | Lost mutation: Armour fits poorly on your pseudopods.
                  | [Jiyva's grace]
 12402 | D:14     | Gained mutation: You possess an exceptional clarity of
                  | mind. [Jiyva's grace]
 12402 | D:14     | Gained mutation: You have supernaturally acute eyesight.
                  | (SInv) [Jiyva's grace]
 12402 | D:14     | Gained mutation: Your muscles are strong. (Str +4, Int/Dex
                  | -1) [Jiyva's grace]
 12402 | D:14     | Gained mutation: Your muscles are very strong. (Str +8,
                  | Int/Dex -2) [Jiyva's grace]
 12709 | D:15     | Entered Level 15 of the Dungeon
 12710 | D:15     | Found a snail-covered altar of Cheibriados.
 12768 | D:15     | Noticed Roxanne
 12922 | D:15     | Found a staircase to the Depths.
 12922 | D:15     | Noticed a stone giant
 12932 | D:15     | Killed a stone giant
 12999 | D:15     | Reached skill level 10 in Shields
 13410 | Lair:5   | Reached XP level 15. HP: 145/145 MP: 15/15
 13629 | Lair:5   | Noticed Urug
 13640 | Lair:5   | Killed Urug
 13652 | Lair:5   | Reached skill level 15 in Armour
 13779 | Lair:5   | Found a corrupted altar of Lugonu.
 13779 | Lair:5   | Found a one-way gate to the infinite horrors of the Abyss.
 13946 | Lair:5   | Found a staircase to the Slime Pits.
 14503 | Slime:1  | Entered Level 1 of the Pits of Slime
 14508 | Slime:1  | Noticed a rockslime
 14532 | Slime:1  | Noticed a rockslime
 14576 | Slime:1  | Noticed a rockslime
 14637 | Slime:1  | Noticed a rockslime
 14691 | Slime:1  | Noticed an azure jelly
 14693 | Slime:1  | Noticed an acid blob
 14723 | Slime:1  | Noticed a rockslime
 14765 | Slime:1  | Noticed an acid blob
 15007 | Slime:2  | Noticed an azure jelly
 15008 | Slime:2  | Noticed an acid blob
 15114 | Slime:2  | Noticed an azure jelly
 15116 | Slime:2  | Noticed a rockslime
 15119 | Slime:2  | Noticed an azure jelly
 15121 | Slime:2  | Noticed an acid blob
 15133 | Slime:2  | Noticed an azure jelly
 15157 | Slime:2  | Noticed an azure jelly
 15214 | Slime:2  | Noticed a rockslime
 15374 | Slime:3  | Noticed an acid blob
 15449 | Slime:4  | Noticed an acid blob
 15568 | Slime:5  | Entered Level 5 of the Pits of Slime
 15612 | Slime:5  | Noticed a rockslime
 15667 | Slime:5  | Noticed a rockslime
 15683 | Slime:5  | Noticed an acid blob
 15702 | Slime:5  | Noticed an azure jelly
 15717 | Slime:5  | Noticed an acid blob
 15723 | Slime:5  | Noticed an acid blob
 15725 | Slime:5  | Noticed a rockslime
 15728 | Slime:5  | Noticed an acid blob
 15729 | Slime:5  | Noticed a rockslime
 15737 | Slime:5  | Noticed a rockslime
 15745 | Slime:5  | Found a viscous altar of Jiyva.
 15747 | Slime:5  | Found the +4 Cigotuvi's embrace {Corpsefed rMiasma Drain
                  | rN+}
 15753 | Slime:5  | Noticed an acid blob
 15755 | Slime:5  | Reached XP level 16. HP: 152/152 MP: 16/16
 15758 | Slime:5  | Found the ring of the Octopus King
 15766 | Slime:5  | Identified a ring of the Octopus King {Fly HP+2 AC+2 EV+2
                  | SH+2}
 15773 | Slime:5  | Identified the ring "Qyeshrych" {+Blink rPois rC+ Slay-3}
 15775 | Slime:5  | Identified the ring of Koffol {rPois rCorr}
 15791 | Slime:5  | Got a slimy rune of Zot
 15792 | Slime:5  | Identified the amulet of Caukum {Reflect rPois SH+5}
 15823 | Slime:5  | Noticed an acid blob
 15847 | Slime:5  | Noticed a rockslime
 16036 | Swamp:1  | Entered Level 1 of the Swamp
 16070 | Swamp:1  | HP: 7/156 [acid[a spriggan druid] (3)]
 16416 | Swamp:2  | Lost mutation: You possess an exceptional clarity of mind.
                  | [Jiyva's grace]
 16416 | Swamp:2  | Lost mutation: You passively map a small area around you.
                  | [Jiyva's grace]
 16416 | Swamp:2  | Lost mutation: You are covered in thick fur. (AC +2)
                  | [Jiyva's grace]
 16416 | Swamp:2  | Lost mutation: Your muscles are very strong. (Str +8,
                  | Int/Dex -2) [Jiyva's grace]
 16416 | Swamp:2  | Lost mutation: Your body has grown many eyes which may
                  | confuse attackers. (Acc +5) [Jiyva's grace]
 16416 | Swamp:2  | Lost mutation: You have a small jelly attached to you that
                  | senses nearby items. [Jiyva's grace]
 16416 | Swamp:2  | Gained mutation: Your translucent skin slightly reduces
                  | your foes' accuracy. (Stealth+) [Jiyva's grace]
 16416 | Swamp:2  | Gained mutation: Your translucent skin reduces your foes'
                  | accuracy. (Stealth+) [Jiyva's grace]
 16416 | Swamp:2  | Gained mutation: Your transparent skin significantly
                  | reduces your foes' accuracy. (Stealth+) [Jiyva's grace]
 16416 | Swamp:2  | Gained mutation: You have acidic saliva. [Jiyva's grace]
 16920 | Swamp:3  | Noticed Mara
 16929 | Swamp:3  | Noticed PerfectTommy's illusion
 16935 | Swamp:3  | Killed Mara
 16936 | Swamp:3  | Reached skill level 15 in Shields
 17014 | Swamp:3  | Reached XP level 17. HP: 162/162 MP: 17/17
 17359 | Swamp:4  | Entered Level 4 of the Swamp
 17451 | Swamp:4  | Found a runed translucent door.
 17452 | Swamp:4  | Found a shimmering altar of Xom.
 17452 | Swamp:4  | Noticed Ricegish's ghost (adept GnFi)
 17452 | Swamp:4  | Identified the +0 bardiche of Putrescence {chaos, rElec rF+
                  | rC+ rN+}
 17579 | Swamp:4  | Noticed Donald
 17601 | Swamp:4  | Killed Donald
 17630 | Swamp:4  | Lost mutation: You are extremely strong-willed. (Will+++)
                  | [Jiyva's grace]
 17630 | Swamp:4  | Lost mutation: You are covered in fur. (AC +1) [Jiyva's
                  | grace]
 17630 | Swamp:4  | Lost mutation: Your muscles are strong. (Str +4, Int/Dex
                  | -1) [Jiyva's grace]
 17630 | Swamp:4  | Lost mutation: You have acidic saliva. [Jiyva's grace]
 17630 | Swamp:4  | Lost mutation: Your transparent skin significantly reduces
                  | your foes' accuracy. (Stealth+) [Jiyva's grace]
 17630 | Swamp:4  | Gained mutation: Your melee attacks may engulf your foes in
                  | ooze. [Jiyva's grace]
 17630 | Swamp:4  | Gained mutation: Your rubbery body absorbs attacks. (AC +1,
                  | EV +1) [Jiyva's grace]
 17630 | Swamp:4  | Gained mutation: Your pliable body absorbs attacks. (AC +2,
                  | EV +2) [Jiyva's grace]
 17630 | Swamp:4  | Gained mutation: Your gelatinous body deflects attacks. (AC
                  | +3, EV +3) [Jiyva's grace]
 17796 | Swamp:4  | Got a decaying rune of Zot
 18136 | Swamp:3  | Identified the +3 leather armour of the Old and Reckless
                  | {Harm Rampage rPois Will-}
 18330 | Orc:2    | Entered Level 2 of the Orcish Mines
 18399 | Orc:2    | Found a staircase to the Elven Halls.
 18523 | Orc:2    | Found a roughly hewn altar of Beogh.
 18524 | Orc:2    | Found Samum's General Store.
 18813 | Orc:2    | Found a roughly hewn altar of Beogh.
 18874 | Orc:2    | Found Lyhetzitt's Antique Weapon Boutique.
 18876 | Orc:2    | Found a roughly hewn altar of Beogh.
 18877 | Orc:2    | Found Xarchyxt's Antique Armour Shop.
 18925 | Orc:2    | Found a roughly hewn altar of Beogh.
 19043 | Orc:2    | Found a roughly hewn altar of Beogh.
 19059 | Orc:2    | Found Qeral's Armour Shop.
 19064 | Orc:2    | Bought a +2 plate armour of poison resistance for 407 gold
                  | pieces
 19477 | Snake:1  | Entered Level 1 of the Snake Pit
 19731 | Snake:1  | Noticed Rupert
 19748 | Snake:1  | Killed Rupert
 19900 | Snake:1  | Lost mutation: You are mostly covered in iridescent scales.
                  | (AC +4) [Jiyva's grace]
 19900 | Snake:1  | Lost mutation: You are highly strong-willed. (Will++)
                  | [Jiyva's grace]
 19900 | Snake:1  | Lost mutation: Your gelatinous body deflects attacks. (AC
                  | +3, EV +3) [Jiyva's grace]
 19900 | Snake:1  | Lost mutation: Your translucent skin reduces your foes'
                  | accuracy. (Stealth+) [Jiyva's grace]
 19900 | Snake:1  | Gained mutation: You have a somewhat thin skeletal
                  | structure. (Dex +2, Stealth+) [Jiyva's grace]
 19900 | Snake:1  | Gained mutation: You have a moderately thin skeletal
                  | structure. (Dex +4, Stealth++) [Jiyva's grace]
 19900 | Snake:1  | Gained mutation: You have an unnaturally thin skeletal
                  | structure. (Dex +6, Stealth+++) [Jiyva's grace]
 19900 | Snake:1  | Gained mutation: Your mind is acute. (Int +4, Str/Dex -1)
                  | [Jiyva's grace]
 19914 | Snake:1  | Reached XP level 18. HP: 174/174 MP: 18/18
 20906 | Snake:2  | Found Upnuskoi's Armour Boutique.
 21242 | Snake:3  | Noticed Vashnia
 21265 | Snake:3  | Killed Vashnia
 21587 | Snake:3  | Lost mutation: Your mind is acute. (Int +4, Str/Dex -1)
                  | [Jiyva's grace]
 21587 | Snake:3  | Lost mutation: Your body has grown eyes which may confuse
                  | attackers. (Acc +3) [Jiyva's grace]
 21587 | Snake:3  | Lost mutation: Your translucent skin slightly reduces your
                  | foes' accuracy. (Stealth+) [Jiyva's grace]
 21587 | Snake:3  | Gained mutation: Your flesh is cold resistant. (rC+)
                  | [Jiyva's grace]
 21587 | Snake:3  | Gained mutation: Your flesh is very cold resistant. (rC++)
                  | [Jiyva's grace]
 21587 | Snake:3  | Gained mutation: Your flesh is almost immune to the effects
                  | of cold. (rC+++) [Jiyva's grace]
 21587 | Snake:3  | Gained mutation: You have acidic saliva. [Jiyva's grace]
 22416 | Snake:4  | Entered Level 4 of the Snake Pit
 22481 | Snake:4  | Found a large runed translucent door.
 22481 | Snake:4  | Found a large runed translucent door.
 22482 | Snake:4  | Noticed superbruh's ghost (adept MiFi)
 22591 | Snake:4  | Noticed Aizul
 22604 | Snake:4  | Killed Aizul
 22605 | Snake:4  | Reached XP level 19. HP: 142/185 MP: 19/19
 22805 | Snake:4  | Found Puuruhist's Gadget Gallery.
 23294 | Snake:4  | Got a serpentine rune of Zot
 23598 | Elf:1    | Entered Level 1 of the Elven Halls
 23747 | Elf:1    | Lost mutation: You are agile. (Dex +4, Str/Int -1) [Jiyva's
                  | grace]
 23747 | Elf:1    | Lost mutation: Your pliable body absorbs attacks. (AC +2,
                  | EV +2) [Jiyva's grace]
 23747 | Elf:1    | Gained mutation: Your spells are a little harder to cast,
                  | but a little more powerful. [Jiyva's grace]
 23747 | Elf:1    | Gained mutation: Your spells are harder to cast, but more
                  | powerful. [Jiyva's grace]
 23747 | Elf:1    | Gained mutation: Your spells are much harder to cast, but
                  | much more powerful. [Jiyva's grace]
 23747 | Elf:1    | Gained mutation: You have hidden genetic potential.
                  | [Jiyva's grace]
 23784 | Elf:1    | Found Unuips's Jewellery Boutique.
 24140 | Elf:1    | Paralysed by an air elemental for 1 turns
 24142 | Elf:1    | Paralysed by an air elemental for 1 turns
 24706 | Elf:2    | Found a runed translucent gate.
 24706 | Elf:2    | Found a runed translucent gate.
 24706 | Elf:2    | Found a runed translucent gate.
 24840 | Elf:2    | Found Ybaoh's Antique Weapon Shoppe.
 24840 | Elf:2    | Found Ifusidug's Assorted Antiques.
 24842 | Elf:2    | Found Yskud's Antique Weapon Shoppe.
 24843 | Elf:2    | Found Hisin's Jewellery Emporium.
 25305 | Elf:3    | Entered Level 3 of the Elven Halls
 25411 | Elf:3    | Found a magical portal.
 25420 | WizLab   | Entered The Chambers of the Cloud Mage
 25420 | WizLab   | Lost mutation: You have an unnaturally thin skeletal
                  | structure. (Dex +6, Stealth+++) [Jiyva's grace]
 25420 | WizLab   | Lost mutation: You have a moderately thin skeletal
                  | structure. (Dex +4, Stealth++) [Jiyva's grace]
 25420 | WizLab   | Lost mutation: Your system is resistant to poisons. (rPois)
                  | [Jiyva's grace]
 25420 | WizLab   | Lost mutation: Your melee attacks may engulf your foes in
                  | ooze. [Jiyva's grace]
 25420 | WizLab   | Gained mutation: You have a small jelly attached to you
                  | that senses nearby items. [Jiyva's grace]
 25420 | WizLab   | Gained mutation: You have sharp toenails. [Jiyva's grace]
 25420 | WizLab   | Gained mutation: You have razor-sharp toenails. [Jiyva's
                  | grace]
 25420 | WizLab   | Gained mutation: You have claws for feet. [Jiyva's grace]
 25441 | WizLab   | Paralysed by an air elemental for 1 turns
 25447 | WizLab   | Paralysed by an air elemental for 1 turns
 25450 | WizLab   | Paralysed by an air elemental for 1 turns
 25451 | WizLab   | Paralysed by an air elemental for 1 turns
 25456 | WizLab   | Paralysed by an air elemental for 1 turns
 25457 | WizLab   | Paralysed by an air elemental for 1 turns
 25458 | WizLab   | Paralysed by an air elemental for 1 turns
 25474 | WizLab   | Reached XP level 20. HP: 74/195 MP: 20/20
 25643 | WizLab   | Paralysed by an air elemental for 1 turns
 25647 | WizLab   | Paralysed by an air elemental for 1 turns
 25692 | WizLab   | Paralysed by an air elemental for 1 turns
 25703 | WizLab   | Paralysed by an air elemental for 1 turns
 25775 | WizLab   | Paralysed by an air elemental for 1 turns
 25780 | WizLab   | Paralysed by an air elemental for 1 turns
 25795 | WizLab   | Paralysed by an air elemental for 1 turns
 25827 | WizLab   | Noticed Hituso Tatt
 25839 | WizLab   | Killed Hituso Tatt the Cloud Mage
 25912 | WizLab   | Identified the +1 leather armour "Dir Nicliph" {Will+}
 25975 | WizLab   | Paralysed by an air elemental for 1 turns
 26083 | Elf:3    | Found a radiant altar of Vehumet.
 26173 | Elf:3    | Paralysed by an air elemental for 1 turns
 26399 | Elf:3    | Noticed a Brimstone Fiend
 26412 | Elf:3    | HP: 9/197 [Brimstone Fiend/damnation[a deep elf
                  | demonologist] (31)]
 26538 | Elf:2    | Gained mutation: You are mostly covered in iridescent
                  | scales. (AC +4) [hidden potential]
 26743 | Elf:3    | Identified the amulet "Vioh" {RegenMP Fly}
 26899 | Elf:3    | Identified the +7 sling of Fedhas's Envy {freeze, rF+
                  | Will++ Dex-5}
 26901 | Elf:3    | Identified the staff of air "Oqepydu" {rElec rPois}
 26901 | Elf:3    | Identified the +3 flail of Termination {drain, Int+5}
 27194 | Vaults:1 | Entered Level 1 of the Vaults
 27952 | Vaults:1 | Lost mutation: You have a somewhat thin skeletal structure.
                  | (Dex +2, Stealth+) [Jiyva's grace]
 27952 | Vaults:1 | Lost mutation: Your flesh is almost immune to the effects
                  | of cold. (rC+++) [Jiyva's grace]
 27952 | Vaults:1 | Gained mutation: Your flesh is almost immune to the effects
                  | of cold. (rC+++) [Jiyva's grace]
 27952 | Vaults:1 | Gained mutation: Your mind is acute. (Int +4, Str/Dex -1)
                  | [Jiyva's grace]
 27952 | Vaults:1 | Gained mutation: Your mind is very acute. (Int +8, Str/Dex
                  | -2) [Jiyva's grace]
 27952 | Vaults:1 | Gained mutation: Your melee attacks may engulf your foes in
                  | ooze. [Jiyva's grace]
 28094 | Vaults:1 | Found a runed translucent gate.
 28094 | Vaults:1 | Found a runed translucent gate.
 28094 | Vaults:1 | Found a runed translucent gate.
 28094 | Vaults:1 | Found an ancient bone altar of Kikubaaqudgha.
 28094 | Vaults:1 | Noticed SpeedRobin's ghost (adept DDFi)
 28094 | Vaults:1 | Noticed Yloucecuu's ghost (veteran SpEn)
 28094 | Vaults:1 | Noticed a dread lich
 28095 | Vaults:1 | Noticed Adoajy's ghost (adept DsWr)
 28210 | Vaults:1 | Identified the +0 sling of the Jumping Gods {flame, Dex+2}
 28417 | Vaults:2 | Reached XP level 21. HP: 190/207 MP: 21/21
 28540 | Vaults:2 | Found a staircase to the Crypt.
 28960 | Vaults:2 | Gained mutation: You have a pair of small horns on your
                  | head. [hidden potential]
 28960 | Vaults:2 | Lost mutation: You have hidden genetic potential. [hidden
                  | potential expressed]
 29151 | Vaults:2 | Found Egouf's Magic Scroll Boutique.
 29583 | Vaults:3 | Lost mutation: You are mostly covered in iridescent scales.
                  | (AC +4) [Jiyva's grace]
 29583 | Vaults:3 | Lost mutation: Your spells are much harder to cast, but
                  | much more powerful. [Jiyva's grace]
 29583 | Vaults:3 | Lost mutation: Your melee attacks may engulf your foes in
                  | ooze. [Jiyva's grace]
 29583 | Vaults:3 | Gained mutation: You are robust. (+10% HP) [Jiyva's grace]
 29583 | Vaults:3 | Gained mutation: You are very robust. (+20% HP) [Jiyva's
                  | grace]
 29583 | Vaults:3 | Gained mutation: You are extremely robust. (+30% HP)
                  | [Jiyva's grace]
 29583 | Vaults:3 | Gained mutation: You are covered in slimy tendrils that may
                  | disarm your opponents. [Jiyva's grace]
 30687 | Vaults:4 | Found a gateway to a bazaar.
 30705 | Bazaar   | Entered a bazaar
 30708 | Bazaar   | Found Xec Cemu's General Store.
 30711 | Bazaar   | Found Socor's General Store.
 30716 | Bazaar   | Found Etwifoh's Weapon Shoppe.
 30716 | Bazaar   | Found Cete's Jewellery Emporium.
 30742 | Bazaar   | Bought a +2 cloak of preservation for 193 gold pieces
 30971 | Vaults:4 | Reached XP level 22. HP: 286/286 MP: 22/22
 31009 | Vaults:4 | Lost mutation: You have a pair of small horns on your head.
                  | [Jiyva's grace]
 31009 | Vaults:4 | Lost mutation: You have claws for feet. [Jiyva's grace]
 31009 | Vaults:4 | Lost mutation: You are partially covered in iridescent
                  | scales. (AC +2) [Jiyva's grace]
 31009 | Vaults:4 | Lost mutation: Your mind is very acute. (Int +8, Str/Dex
                  | -2) [Jiyva's grace]
 31009 | Vaults:4 | Lost mutation: Your mind is acute. (Int +4, Str/Dex -1)
                  | [Jiyva's grace]
 31009 | Vaults:4 | Lost mutation: Your flesh is almost immune to the effects
                  | of cold. (rC+++) [Jiyva's grace]
 31009 | Vaults:4 | Lost mutation: You are strong-willed. (Will+) [Jiyva's
                  | grace]
 31009 | Vaults:4 | Lost mutation: Your spells are harder to cast, but more
                  | powerful. [Jiyva's grace]
 31009 | Vaults:4 | Lost mutation: You are covered in slimy tendrils that may
                  | disarm your opponents. [Jiyva's grace]
 31009 | Vaults:4 | Lost mutation: You have a small jelly attached to you that
                  | senses nearby items. [Jiyva's grace]
 31009 | Vaults:4 | Gained mutation: Your flesh is heat resistant. (rF+)
                  | [Jiyva's grace]
 31009 | Vaults:4 | Gained mutation: Your flesh is very heat resistant. (rF++)
                  | [Jiyva's grace]
 31009 | Vaults:4 | Gained mutation: Your flesh is almost immune to the effects
                  | of heat. (rF+++) [Jiyva's grace]
 31009 | Vaults:4 | Gained mutation: You expend magic power (3 MP) to
                  | strengthen your wands. [Jiyva's grace]
 31582 | Depths:1 | Entered Level 1 of the Depths
 31582 | Depths:1 | Found an opulent altar of Gozag.
 31680 | Depths:1 | Found a corrupted altar of Lugonu.
 31802 | Depths:1 | Found a sacrificial altar of Ru.
 31908 | Depths:1 | Found a one-way gate leading to the halls of Pandemonium.
 32091 | Depths:1 | Found a one-way gateway to a ziggurat.
 32198 | Depths:1 | Found a gateway to Hell.
 32337 | Depths:2 | Gained mutation: You occasionally lose the ability to read
                  | scrolls when taking damage. [a neqoxec]
 32428 | Depths:2 | Found Odeehom's Magic Scroll Shop.
 32958 | Depths:2 | Identified the +1 falchion of Hepliaklqana's Pride {flame,
                  | Dex+3}
 33100 | Depths:2 | Reached XP level 23. HP: 221/301 MP: 23/23
 33222 | Depths:2 | Noticed a juggernaut
 33239 | Depths:2 | Killed a juggernaut
 33406 | Depths:3 | Noticed Frederick
 33419 | Depths:3 | Killed Frederick
 33554 | Depths:3 | Noticed the Enchantress
 33563 | Depths:3 | Noticed Parghit
 33569 | Depths:3 | Killed the Enchantress
 33773 | Depths:3 | Killed Parghit
 33903 | Depths:3 | Lost mutation: You have razor-sharp toenails. [Jiyva's
                  | grace]
 33903 | Depths:3 | Lost mutation: You have supernaturally acute eyesight.
                  | (SInv) [Jiyva's grace]
 33903 | Depths:3 | Lost mutation: Your flesh is very cold resistant. (rC++)
                  | [Jiyva's grace]
 33903 | Depths:3 | Lost mutation: Your flesh is almost immune to the effects
                  | of heat. (rF+++) [Jiyva's grace]
 33903 | Depths:3 | Lost mutation: You occasionally lose the ability to read
                  | scrolls when taking damage. [Jiyva's grace]
 33903 | Depths:3 | Gained mutation: You are covered in slimy tendrils that may
                  | disarm your opponents. [Jiyva's grace]
 33903 | Depths:3 | Gained mutation: Your translucent skin slightly reduces
                  | your foes' accuracy. (Stealth+) [Jiyva's grace]
 33903 | Depths:3 | Gained mutation: Your translucent skin reduces your foes'
                  | accuracy. (Stealth+) [Jiyva's grace]
 33903 | Depths:3 | Gained mutation: Your transparent skin significantly
                  | reduces your foes' accuracy. (Stealth+) [Jiyva's grace]
 33958 | Depths:3 | Found a runed translucent gate.
 33959 | Depths:3 | Found a runed translucent gate.
 33960 | Depths:3 | Found a runed translucent gate.
 33962 | Depths:3 | Noticed Whoops's ghost (adept DsFi)
 34029 | Depths:3 | Noticed a caustic shrike
 34034 | Depths:3 | Killed a caustic shrike
 34060 | Depths:3 | Noticed a golden dragon
 34064 | Depths:3 | Killed a golden dragon
 34226 | Depths:3 | Noticed a caustic shrike
 34235 | Depths:3 | Killed a caustic shrike
 34242 | Depths:3 | Noticed a golden dragon
 34250 | Depths:3 | Killed a golden dragon
 34267 | Depths:3 | You are sucked into a shaft and drop 1 floor!
 34267 | Depths:4 | Entered Level 4 of the Depths
 34294 | Depths:4 | Noticed a golden dragon
 34307 | Depths:4 | Killed a golden dragon
 34323 | Depths:4 | Noticed Grunn
 34341 | Depths:4 | Reached XP level 24. HP: 256/317 MP: 23/23
 34347 | Depths:4 | Killed Grunn
 34606 | Depths:4 | Noticed a juggernaut
 34619 | Depths:4 | Killed a juggernaut
 35131 | Depths:4 | Found a gate to the Realm of Zot.
 35807 | Vaults:5 | Entered Level 5 of the Vaults
 35936 | Vaults:5 | Lost mutation: Your spells are a little harder to cast, but
                  | a little more powerful. [Jiyva's grace]
 35936 | Vaults:5 | Lost mutation: You are covered in slimy tendrils that may
                  | disarm your opponents. [Jiyva's grace]
 35936 | Vaults:5 | Gained mutation: Your body has grown eyes which may confuse
                  | attackers. (Acc +3) [Jiyva's grace]
 35936 | Vaults:5 | Gained mutation: Your body has grown many eyes which may
                  | confuse attackers. (Acc +5) [Jiyva's grace]
 35936 | Vaults:5 | Gained mutation: Your body is covered in eyes which may
                  | confuse attackers. (Acc +7, SInv) [Jiyva's grace]
 35936 | Vaults:5 | Gained mutation: You have a pair of small horns on your
                  | head. [Jiyva's grace]
 35992 | Vaults:5 | Noticed an ancient lich
 36014 | Vaults:5 | Killed an ancient lich
 36025 | Vaults:5 | Noticed an ancient lich
 36305 | Vaults:5 | Reached XP level 25. HP: 234/331 MP: 23/23
 36310 | Vaults:5 | Identified the +0 great sword of Vopycyum {vamp, Fly rC-
                  | rCorr Int+2}
 36325 | Vaults:5 | Killed an ancient lich
 36327 | Vaults:5 | Reached skill level 27 in Fighting
 36628 | Vaults:5 | Identified the +0 ring mail of Jobuxy Ifeu {rElec Str+7
                  | Slay-4}
 36629 | Vaults:5 | Identified the staff of conjuration "Tahesch" {rElec Will+
                  | Str+3 Dex-4}
 36721 | Vaults:5 | Identified the +0 robe of Uskayaw's Approval {rC++ Regen+
                  | Dex-2 SInv}
 36723 | Vaults:5 | Got a silver rune of Zot
 37126 | Vaults:5 | Found the amulet of the Four Winds {rN+ Will+++ Clar}
 37173 | Vaults:5 | Identified the +7 demon whip of Objectivity {drain, rPois
                  | Int+6}
 37231 | Vaults:5 | Identified the +3 plate armour "Zymary" {Str+3}
 37235 | Vaults:5 | Identified the +7 plate armour "Kaew" {-Cast rC+ Str+2}
 37248 | Vaults:5 | Identified the +8 dagger of Viucoss {venom, rN+ rCorr
                  | Int-4}
 37417 | Vaults:5 | Identified the +4 broad axe "Cerghitos" {pain, rPois rF-
                  | rC+ Will+}
 37652 | Crypt:1  | Entered Level 1 of the Crypt
 37747 | Crypt:1  | Reached skill level 1 in Necromancy
 38005 | Crypt:1  | Found a runed door.
 38089 | Crypt:1  | Noticed Sojobo
 38091 | Crypt:1  | Noticed an ancient lich
 38100 | Crypt:1  | Killed an ancient lich
 38109 | Crypt:1  | Killed Sojobo
 38126 | Crypt:1  | Identified the +5 cloak of the Furies {Will+}
 38170 | Crypt:1  | Acquired 927 gold pieces
 38177 | Crypt:1  | Identified the +0 leather armour "Umudicul" {rN++ Regen+
                  | Dex+3}
 38178 | Crypt:1  | Identified the +1 whip "Fuuzaf" {heavy, rElec Str+2}
 38191 | Crypt:1  | Identified the staff of poison "Umakk" {rPois rF++}
 38927 | Crypt:2  | Reached skill level 5 in Necromancy
 39158 | Crypt:2  | Lost mutation: Your flesh is cold resistant. (rC+) [Jiyva's
                  | grace]
 39158 | Crypt:2  | Lost mutation: Your transparent skin significantly reduces
                  | your foes' accuracy. (Stealth+) [Jiyva's grace]
 39158 | Crypt:2  | Gained mutation: You possess an exceptional clarity of
                  | mind. [Jiyva's grace]
 39158 | Crypt:2  | Gained mutation: You have a small jelly attached to you
                  | that senses nearby items. [Jiyva's grace]
 39158 | Crypt:2  | Gained mutation: You are resistant to electric shocks.
                  | (rElec) [Jiyva's grace]
 39158 | Crypt:2  | Gained mutation: You are strong-willed. (Will+) [Jiyva's
                  | grace]
 39165 | Crypt:2  | Reached skill level 27 in Armour
 39165 | Crypt:2  | Reached skill level 27 in Shields
 39643 | Crypt:3  | Entered Level 3 of the Crypt
 39702 | Crypt:3  | Reached XP level 26. HP: 345/345 MP: 23/23
 39744 | Crypt:3  | Found a basalt altar of Yredelemnul.
 39867 | Crypt:3  | Found a staircase to the Tomb.
 40174 | Crypt:3  | Reached skill level 10 in Necromancy
 40337 | Crypt:3  | Found an ancient bone altar of Kikubaaqudgha.
 40341 | Crypt:3  | Found a basalt altar of Yredelemnul.
 40347 | Crypt:3  | Found the +8 demon blade "Leech" {evervamp, Harm Drain rN+}
 40366 | Crypt:3  | Identified the ring of the Centipede {Contam rPois rN+
                  | Slay+2}
 40366 | Crypt:3  | Identified the ring "Riug" {rN+ Str+2}
 40366 | Crypt:3  | Identified the ring "Ydilajyc" {Drain rPois rC+ rN+ Str+3}
 40369 | Crypt:3  | Identified the +6 chain mail "Emuas" {*Slow +Blink Will+
                  | Int+5}
 40525 | Tomb:1   | Entered Level 1 of the Tomb of the Ancients
 40710 | Tomb:1   | Lost mutation: You are extremely robust. (+30% HP) [Jiyva's
                  | grace]
 40710 | Tomb:1   | Lost mutation: You are resistant to electric shocks.
                  | (rElec) [Jiyva's grace]
 40710 | Tomb:1   | Lost mutation: Your body is covered in eyes which may
                  | confuse attackers. (Acc +7, SInv) [Jiyva's grace]
 40710 | Tomb:1   | Lost mutation: Your translucent skin reduces your foes'
                  | accuracy. (Stealth+) [Jiyva's grace]
 40710 | Tomb:1   | Lost mutation: You have a small jelly attached to you that
                  | senses nearby items. [Jiyva's grace]
 40710 | Tomb:1   | Gained mutation: You are partially covered in iridescent
                  | scales. (AC +2) [Jiyva's grace]
 40710 | Tomb:1   | Gained mutation: You are mostly covered in iridescent
                  | scales. (AC +4) [Jiyva's grace]
 40710 | Tomb:1   | Gained mutation: You are completely covered in iridescent
                  | scales. (AC +6) [Jiyva's grace]
 40710 | Tomb:1   | Gained mutation: You have a pair of horns on your head.
                  | [Jiyva's grace]
 40904 | Tomb:1   | Noticed a royal mummy
 41293 | Crypt:3  | Learned a level 2 spell: Sublimation of Blood
 41298 | Crypt:3  | Learned a level 4 spell: Animate Dead
 41304 | Crypt:3  | Learned a level 5 spell: Agony
 41309 | Crypt:3  | Learned a level 4 spell: Anguish
 41316 | Crypt:3  | Learned a level 6 spell: Death Channel
 41316 | Crypt:3  | Upgraded the game from 0.30.0-17-ge0270778cf to
                  | 0.30.0-18-gc0e69614cb
 41352 | Tomb:1   | Noticed a royal mummy
 41363 | Tomb:1   | Killed a royal mummy
 41364 | Tomb:1   | Reached skill level 1 in Spellcasting
 41671 | Tomb:1   | Killed a royal mummy
 41834 | Tomb:1   | Noticed a royal mummy
 41848 | Tomb:1   | Killed a royal mummy
 42005 | Tomb:2   | Noticed Mennas
 42007 | Tomb:2   | Noticed a royal mummy
 42012 | Tomb:2   | Noticed a royal mummy
 42013 | Tomb:2   | Noticed a royal mummy
 42014 | Tomb:2   | Noticed a royal mummy
 42556 | Hell     | Entered the Vestibule of Hell
 42556 | Hell     | Noticed Geryon
 42571 | Hell     | Killed Geryon
 42629 | Hell     | Found a gateway to the Iron City of Dis.
 42657 | Hell     | Gained mutation: You are clumsy. (Dex -2) [a cacodemon]
 42824 | Hell     | Reached XP level 27. HP: 304/327 MP: 30/30
 42841 | Hell     | Reached skill level 5 in Spellcasting
 42891 | Hell     | Found a gateway to the freezing wastes of Cocytus.
 42942 | Hell     | Found a gateway to the decaying netherworld of Tartarus.
 42996 | Hell     | Found a gateway to the ashen valley of Gehenna.
 43085 | Coc:1    | Entered Level 1 of Cocytus
 43186 | Coc:2    | Noticed a dread lich
 43197 | Coc:2    | Killed a dread lich
 43625 | Coc:3    | Paralysed by a wendigo for 1 turns
 43713 | Coc:4    | Killed from afar by an elemental wellspring

Illustrated notes

Levels and vault maps discovered:
D:1:      ebering_hopf_link, layout_basic, nicolae_figureground_pulse
D:2:      layout_loops_cross, serial_co_window_serial, co_window_corner_a,
          co_window_paths_a, co_window_paths_a, co_window_paths_b,
          co_window_paths_a, co_window_cross_4, co_window_2corner,
          co_window_cross_3, co_window_unsneaky_path_b, co_window_paths_e,
          co_window_paths_d, glass_columns_c, glass_columns_b, glass_columns_a,
          glass_columns_c, glass_columns_a
D:3:      layout_loops_cross, shapermc_ecumenical_altar_starsandcircs
D:4:      layout_basic, vehumet_altar_wand_db, uniq_edmund
D:5:      layout_loops_corners, serial_shops,
          nicolae_shop_pleasant_corner_grove,
          nicolae_shop_i_like_small_books_too, kennysheep_decorative_pillar
D:6:      layout_cave_pools, okawaru_metal_pillars_1_2,
          minmay_misc_feat_enclosed, minmay_splitting_lines,
          minmay_misc_feat_secret_circle, uniq_eustachio
D:7:      layout_basic, chequers_temple_overflow_statue_of_worship,
          kiku_gazebo_pond_becter, old_standard_altar, minmay_temple_entry_tees,
          serial_shops, shop, shop, kennysheep_little_box,
          nicolae_shop_statue_plus, minmay_misc_feat_square, chequers_jeans,
          uniq_crazy_yiuf_cottage
D:8:      layout_loops_ring, nicolae_overflow_crystal_walls, uniq_psyche
D:9:      layout_rooms, mainiacjoe_overflow_chevrons,
          minmay_statue_crystal_thing, uniq_joseph, uniq_maggie, uniq_pikel
D:10:     layout_gridville, erik_lair_orcish_takeover
D:11:     layout_roguey [special_room_orc], orc_0_dummy
D:12:     layout_irregular_city, gammafunk_ghost_smash, ashenzari_altar_1
D:13:     layout_irregular_city, hangedman_decor_lopped, nicolae_two_hexagons
D:14:     layout_loops_ring, grunt_vaults_entry_fortified, serial_shops,
          nicolae_shop_pleasant_corner_grove, serial_park_tiny_pond,
          lemuel_nasty_fountain
D:15:     grunt_enter_depths_snipers, layout_rooms, cheibriados_altar_1,
          moated_statue, uniq_roxanne
Temple:   compressed_dpeg_circular_temple
Lair:1:   layout_layer_cave, serial_bayou_shore_b, grunt_megastairs_4,
          uniq_erica
Lair:2:   beast_lair_carwin_large_3, layout_big_grid, swamp_mist,
          chequers_serial_rivers_micro_e, st_stairs_10
Lair:3:   layout_concentric_octagons, guppyfry_snake_entry_garden,
          serial_bayou_shore_b
Lair:4:   layout_loops_ring, lightli_volcano_entry_magma_tube,
          gauntlet_entry_generic, infiniplex_staircase_pool
Lair:5:   hellmonk_lair_end_abyssal_woods, layout_small_grid, slime_entry_1,
          serial_bayou_shore_a, uniq_urug
Swamp:1:  layout_basic_swamp, hangedman_swamp_ruin_wall
Swamp:2:  layout_basic_swamp, wheals_swamp_sinkhole, swamp_pool5,
          st_swamp_ruins_4
Swamp:3:  layout_basic_swamp, serial_swamp_ruin, evilmike_swamp_ruin_house_3,
          evilmike_swamp_ruin_rubble_2, swamp_pool4, uniq_mara
Swamp:4:  swamp_basic_johnstein, layout_basic_swamp, ebering_ghost_xom,
          uniq_donald
Snake:1:  layout_grid_maze, uniq_rupert
Snake:2:  layout_basic, serial_shops, nicolae_shop_mannequins
Snake:3:  layout_chambers, uniq_vashnia
Snake:4:  minmay_snake_end_coiled, layout_misc_corridors,
          ebering_ghost_disaster_area, nicolae_shop_gadgets, uniq_aizul
Slime:1:  layout_caves, nicolae_slime_phagocytosis
Slime:2:  layout_caves, special_room [special_room_jelly], nicolae_slime_barrier
Slime:3:  layout_caves
Slime:4:  layout_caves
Slime:5
Orc:1:    layout_caves, serial_shops, nicolae_shop_behind_doors, uniq_snorg
Orc:2:    grunt_orc_community_town_hall, layout_caves,
          grunt_orc_community_big_house_2, grunt_orc_community_big_house_1,
          grunt_orc_community_house_2, grunt_orc_community_house_3,
          grunt_orc_community_house_1, grunt_orc_community_house_2
Elf:1:    layout_loops_corners, serial_shops, shop, minmay_elf_necromancy
Elf:2:    nicolae_elf_blades_splatter_lattice [nicolae_blade_bullseye],
          layout_gridlike, minmay_misc_feat_diagonals, minmay_shoptagon
Elf:3:    elf_hall, layout_geoelf_octagon, basic_altar, mu_enter_wizlab_3,
          einodemon_crawler_minivault
Vaults:1: gammafunk_ghost_crypt, v_misc_18, vaults_room_octagon,
          nicolae_vaults_three_branches, vaults_standard_mumra_lines,
          ontoclasm_vaults_loading_screen, vaults_mumra_hex,
          vaults_dpeg_emergency_exit, nicolae_vaults_gold_heap,
          layout_vaults_quadrants
Vaults:2: v_misc_2, vaults_mumra_bighexcomb, minmay_crypt_entry_skeletal_spiral,
          v_misc_33, nicolae_vaults_tangram_1, nicolae_vaults_yaktaur_gun_rack,
          grunt_vaults_hallway_long, nicolae_vaults_shrinking_rooms_2,
          nicolae_vaults_little_ls, nicolae_vaults_surprise_closet,
          vaults_room_hallway, nicolae_vaults_diamond_1, hangedman_vaults_maws,
          layout_vaults_omnibox, serial_shops, shop
Vaults:3: nicolae_vaults_offset_grid_hallway_4, nicolae_vaults_little_squares_6,
          nicolae_vaults_closet_pinwheel_6, nicolae_vaults_oval_intersection,
          v_pattern_5, v_misc_28, nicolae_vaults_hexular_roomagon,
          nicolae_vaults_six-pack, vaults_dpeg_hooks, layout_vaults_big_room
Vaults:4: nicolae_vaults_layer_cake_slice, nicolae_vaults_offset_grid_hallway_4,
          nicolae_vaults_network_periphery, vaults_mumra_minichess,
          hangedman_vaults_corner, hangedman_vaults_slice,
          vaults_room_door_hall, v_misc_22, nicolae_vaults_border_crossing,
          ontoclasm_vaults_bender, v_misc_17, v_misc_16, layout_vaults_maze,
          serial_shops, statue_bzr
Vaults:5
Crypt:1:  evilmike_wizard_prison, layout_basic, minmay_strange_pillars,
          uniq_sojobo
Crypt:2:  layout_misc_corridors, grunt_ministairs_8, grunt_megastairs_5
Crypt:3:  lightli_unholy_cathedral, layout_chaotic_city,
          tomb_entry_moat_badplayer, basic_altar, minmay_strange_pillars
Tomb:1
Tomb:2:   uniq_mennas
Depths:1: layout_cave_pools, enter_ziggurat_a, nicolae_gozag_seed_capital,
          pan_entry, abyss_entry_flame_altar, grunt_hell_entry_dis_grunt,
          nicolae_ru_sacrificial_ziggurat
Depths:2: minmay_concentric_multi, layout_honeycomb, hell_entry, serial_shops,
          shop, grunt_pan_entry_zigzag, chequers_serial_rivers_micro_c,
          minmay_metal_thing, minmay_staircase_bubble
Depths:3: evilmike_diamond_2, layout_basic, abyss_entry,
          gammafunk_ghost_tricky_traps, nicolae_hell_entry_hellmouth_sunbeams,
          st_stairs_7, infiniplex_staircase_river, uniq_parghit, uniq_frederick,
          uniq_enchantress
Depths:4: evilmike_zot_entry_basic, layout_gridlike, minmay_misc_feat_tiny,
          abyss_entry, hellmouth_3, chequers_serial_rivers_large_a,
          nrook_pool_corridor, uniq_grunn, uniq_boris
Hell
Coc:1:    layout_cocytus_water_paths
Coc:2:    layout_ice_bergs
Coc:3:    layout_ice_bergs, nicolae_coc_melting_block
Coc:4:    layout_ice_bergs, nicolae_coc_statues_of_limitations

Skill      XL: |  1  2  3  4  5  6  7  8  9 10 11 12 13 14 15 16 17 18 19 20 21 22 23 24 25 26 27 |
---------------+----------------------------------------------------------------------------------+-----
Axes           | 3 4 5 6 7 8 10 13 15 16 17 18 | 18.2
Fighting       | 4 5 6 7 9 10 12 14 15 16 17 18 20 22 23 24 25 26 27 | 27.0
Armour         | 1 2 3 4 5 7 9 11 12 13 14 15 16 17 18 20 21 22 23 24 26 27 | 27.0
Evocations     | 3 5 6 8 |  8.2
Dodging        | 2 |  2.1
Shields        | 6 10 13 15 17 19 20 21 22 23 24 25 27 | 27.0
Necromancy     | 8 14 | 14.8
Spellcasting   | 4 6 |  6.1
Stealth        | |  4.1

Action                     |  1- 3 |  4- 6 |  7- 9 | 10-12 | 13-15 | 16-18 | 19-21 | 22-24 | 25-27 || total
---------------------------+-------+-------+-------+-------+-------+-------+-------+-------+-------++-------
  Melee: Hand axe          |    93 |    95 |       |       |       |       |       |       |       ||   188
         War axe           |       |    59 |   276 |       |       |       |       |       |       ||   335
         Punch             |       |     1 |     4 |       |       |       |       |       |       ||     5
         Pseudopods        |       |       |    41 |    89 |   121 |       |       |       |       ||   251
         Battleaxe         |       |       |    30 |   378 |     4 |       |       |       |       ||   412
         Broad axe         |       |       |       |       |   555 |   812 |   974 |  1088 |  1089 ||  4518
         Bite              |       |       |       |       |       |    65 |   241 |   304 |   326 ||   936
         Kick              |       |       |       |       |       |       |   456 |   851 |   857 ||  2164
         Headbutt          |       |       |       |       |       |       |    85 |    70 |   539 ||   694
  Throw: Dart              |       |     1 |     6 |     6 |       |       |       |       |       ||    13
         Stone             |       |       |     1 |       |       |       |       |       |       ||     1
  Evoke: Wand              |       |       |    11 |     8 |     2 |       |       |       |       ||    21
    Use: Potion            |       |       |     2 |       |     4 |     1 |       |       |     4 ||    11
         Scroll            |       |       |       |       |    19 |     7 |     8 |       |     4 ||    38
   Stab: Sleeping          |     4 |     5 |       |     2 |       |     6 |     1 |       |       ||    18
         Confused          |       |       |     2 |    24 |    29 |     8 |       |     4 |    49 ||   116
         Distracted        |       |       |       |       |       |     1 |       |       |     1 ||     2
         Paralysed         |       |       |       |       |       |       |     1 |       |       ||     1
 Armour: Leather armour    |    32 |       |       |       |       |       |       |       |       ||    32
         Ring mail         |    10 |    16 |       |       |       |       |       |       |       ||    26
         Scale mail        |       |    41 |   166 |       |       |       |       |       |       ||   207
         Plate armour      |       |       |    28 |    61 |       |   163 |   338 |   176 |       ||   766
         Steam dragon scal |       |       |       |   118 |     1 |       |       |       |       ||   119
         Chain mail        |       |       |       |       |   162 |    71 |       |       |       ||   233
         Gold dragon scale |       |       |       |       |       |       |       |   205 |   299 ||   504
  Dodge: Dodged            |    71 |    77 |   182 |   209 |   108 |   191 |   152 |   200 |   182 ||  1372
  Block: Other             |       |       |       |     4 |       |     1 |       |       |       ||     5
         Kite shield       |       |       |       |       |   363 |   220 |       |       |       ||   583
         Reflection        |       |       |       |       |    24 |   141 |   192 |    59 |     1 ||   417
         Tower shield      |       |       |       |       |       |   713 |  1086 |  1412 |  1221 ||  4432
Riposte: Battleaxe         |       |       |       |     2 |       |       |       |       |       ||     2
         Broad axe         |       |       |       |       |   129 |   243 |   290 |   460 |   448 ||  1570
